Map: Ley Lines

Players

SKillous - Winner!

  • Race: Protoss Protoss
  • League: Master
  • Spawn Location: 1:00

IA (Muy fácil) 1

  • Race: Zerg Zerg
  • Spawn Location: 7:00

VOD

Have the link to the VOD?

Description

Time

  • Played on: Dec. 10, 2025, 3:03 p.m.
  • Length: 14:23
Show
View Real Time Build Order
Export as new Build Order

SKillous Protoss - Winner!

Build Orders: 1 Gate Expand, Oracle Opening, Carriers 

Get SALT Encoding   

  12  0:00  Probe  
  13  0:12  Probe  
  14  0:19  Pylon  
  14  0:24  Probe  
  15  0:33  Probe  
  15  0:39  Gateway  
  15  0:41  Probe  
  16  0:48  Assimilator  
  17  0:52  Probe  
  18  1:04  Probe  
  19  1:16  Probe  
  20  1:25  Nexus  
  20  1:35  Cybernetics Core  
  20  1:37  Probe  
  21  1:43  Assimilator  
  21  1:49  Probe  
  21  1:52  Pylon  
  22  2:01  Probe, Adept  
  23  2:13  Probe  
  26  2:18  Stargate  
  26  2:25  Probe  
  26  2:27  Warp Gate  
  27  2:33  Probe x2  
  27  2:34  Adept  
  30  2:41  Probe x2  
  33  2:51  Probe  
  33  2:52  Probe  
  33  2:55  Oracle  
  35  3:03  Probe  
  35  3:04  Probe, Adept  
  42  3:15  Pylon  
  42  3:16  Probe x2  
  44  3:21  Gateway  
  44  3:28  Probe x2  
  44  3:33  Oracle  
  49  3:40  Probe x2  
  51  3:47  Nexus  
  51  3:51  Pylon  
  51  3:53  Probe  
  51  3:54  Probe  
  53  3:59  Twilight Council  
  53  4:02  Pylon  
  53  4:05  Probe  
  53  4:09  Probe, Blink  
  55  4:10  Assimilator  
  55  4:11  Assimilator  
  55  4:17  Adept x2  
  55  4:19  Probe  
  55  4:21  Probe  
  61  4:29  Gateway  
  61  4:30  Gateway  
  61  4:32  Probe  
  61  4:35  Probe  
  63  4:44  Probe  
  60  4:46  Stalker  
  60  4:47  Probe  
  60  4:51  Stalker  
  63  4:56  Probe x2  
  63  4:58  Forge  
  63  4:59  Probe  
  63  5:05  Probe  
  64  5:08  Probe  
  64  5:10  Protoss Ground Weapons Level 1, Stalker  
  64  5:11  Probe  
  69  5:14  Stalker  
  69  5:16  Probe  
  69  5:20  Probe  
  73  5:24  Pylon  
  73  5:25  Stalker x2  
  73  5:26  Probe  
  78  5:28  Probe  
  78  5:32  Probe  
  78  5:33  Stalker  
  82  5:38  Probe, Stalker  
  82  5:42  Probe, Shield Battery  
  86  5:44  Probe  
  86  5:47  Pylon  
  86  5:49  Assimilator  
  87  5:51  Probe  
  87  5:52  Assimilator  
  87  5:53  Stalker  
  87  5:54  Stalker  
  92  5:57  Probe  
  92  5:59  Pylon  
  92  6:02  Templar Archives  
  93  6:05  Probe x2  
  93  6:08  Pylon  
  95  6:14  Stalker x2  
  99  6:19  Robotics Facility  
  99  6:27  Gateway  
  99  6:30  Gateway  
  99  6:31  Gateway  
  99  6:32  Gateway  
  99  6:34  Charge  
  99  6:39  Psionic Storm  
  99  6:41  High Templar  
  99  6:42  Zealot x2  
  99  6:43  Zealot  
  107  6:49  Photon Cannon  
  107  6:51  Pylon  
  107  6:57  Pylon  
  107  6:58  Warp Prism  
  107  7:10  High Templar x2  
  107  7:11  High Templar  
  107  7:13  Protoss Ground Weapons Level 2  
  115  7:16  Photon Cannon  
  115  7:17  Pylon  
  115  7:18  High Templar  
  117  7:33  Nexus  
  117  7:34  Pylon  
  117  7:38  Pylon  
  117  7:39  Zealot x3  
  117  7:40  Observer  
  124  7:47  Probe  
  124  7:49  Probe x2, Fleet Beacon  
  127  7:55  Stargate, Shield Battery  
  127  7:56  Photon Cannon  
  127  8:00  Protoss Air Weapons Level 1, Assimilator  
  127  8:01  Probe x2  
  127  8:02  Assimilator  
  129  8:06  Probe  
  130  8:13  Probe x2  
  130  8:18  Stargate  
  132  8:22  Probe  
  132  8:25  Probe x2  
  135  8:32  Carrier x2  
  135  8:34  Probe, Zealot x8  
  135  8:35  Photon Cannon  
  135  8:37  Probe, Photon Cannon  
  159  8:54  Probe x2  
  167  9:00  High Templar  
  167  9:01  High Templar  
  171  9:06  Carrier  
  155  9:18  Pylon x2  
  155  9:25  Pylon  
  155  9:34  Carrier x2  
  155  9:44  Photon Cannon  
  163  9:48  Photon Cannon  
  163  9:52  Zealot x8  
  185  10:00  Carrier  
  185  10:05  Mothership  
  181  10:18  Protoss Air Weapons Level 2  
  175  10:24  Nexus, Carrier  
  175  10:25  Protoss Ground Weapons Level 3, Pylon  
  175  10:28  Pylon  
  175  10:36  Probe x3  
  175  10:37  Carrier  
  190  10:49  Photon Cannon  
  190  10:50  Carrier, Photon Cannon  
  190  10:52  Photon Cannon  
  190  10:54  Photon Cannon  
  190  10:55  Photon Cannon  
  190  11:09  Observer  
  197  11:18  Probe x3  
  200  11:45  Assimilator  
  200  11:46  Assimilator  
  200  12:02  Robotics Facility  
  200  12:03  Robotics Facility  
  196  12:09  High Templar x5  
  196  12:10  High Templar x3  
  196  12:13  Archon x3  
  196  12:14  Archon  
  192  12:34  Immortal  
  196  12:50  Immortal  
Show
View Real Time Build Order
Export as new Build Order

IA (Muy fácil) 1 Zerg 

Build Orders: Pool First 

Get SALT Encoding   

  12  0:01  Drone  
  13  0:12  Overlord  
  13  0:17  Drone  
  14  0:34  Spawning Pool  
  13  0:37  Drone  
  13  0:41  Extractor  
  13  0:44  Drone  
  14  0:51  Overlord  
  14  1:21  Zergling x2  
  14  1:23  Queen  
  17  1:31  Roach Warren  
  16  1:34  Drone  
  16  1:38  Extractor  
  16  1:42  Drone  
  16  1:46  Zergling x2  
  18  2:00  Drone  
  19  2:07  Drone  
  20  2:11  Zergling x2  
  21  2:17  Drone  
  22  2:27  Overlord  
  22  2:30  Drone  
  22  2:36  Roach  
  25  2:37  Drone  
  26  2:44  Drone  
  27  7:01  Drone  
  27  7:02  Roach, Lair, Overlord  
  30  7:08  Drone  
  30  7:12  Hatchery  
  30  7:15  Drone  
  31  7:23  Drone  
  31  7:30  Drone  
  28  7:37  Drone  
  28  7:40  Roach  
  31  8:02  Overseer  
  31  8:03  Overseer  
  31  8:18  Zergling x2  
  32  8:24  Drone  
  33  8:30  Extractor  
  33  8:31  Drone  
  33  8:35  Extractor  
  33  8:38  Drone  
  33  8:45  Drone  
  34  8:53  Drone  
  35  8:56  Roach  
  35  9:00  Drone  
  38  9:07  Drone  
  39  9:14  Drone  
  40  9:21  Drone  
  41  9:28  Drone  
  42  9:36  Drone  
  43  9:43  Drone  
  44  9:50  Drone  
  44  9:51  Overlord  
  45  9:57  Drone  
  46  10:04  Drone  
  47  10:11  Drone  
  48  10:19  Drone  
  49  12:39  Pneumatized Carapace  
  49  12:40  Overseer  
  49  12:43  Infestation Pit, Drone  
  49  12:44  Spire  
  49  12:50  Zergling x2, Drone  
  43  13:31  Overlord, Overseer  
  43  13:40  Overlord  
  40  13:50  Zergling x2  
  40  13:51  Drone  
  19  13:58  Drone, Overlord  
  18  14:07  Spire  
  15  14:10  Drone  
Tags
 
Add a new tag
Caveats
  • Supply blocks, unpowered buildings, or Contaminate may cause inaccurate times.
  • Supply counts are checked every 10 seconds.